Cogmind - Beta 14 *** ADVENTURER MODE // 2025.03.31 @ 09:07:25 // Winter2019/RPGLIKE Player: Timeslice Result: Escaped! Performance ------------- Evolutions (9) 4500 Regions Visited (22) 4400 Robots Destroyed (332) 1660 Value Destroyed (15725) 15725 Prototype IDs (62) 1240 Alien Tech Used (1) 200 Bonus (9463) 9463 TOTAL SCORE: 37188 Bonus ------- High Alert Combat Kills 144 Follower Combat Kills 1979 Entered Garrisons 600 Used RIF Installer 2500 Network Hubs Disabled 400 Aligned with FarCom 300 Built Enhanced Grunts 300 Met R17 at Cetus 500 Met R17 at Research 2000 Win 3000 Friendly Fire -2260 Cogmind --------- Core Integrity 1000/1000 Matter 392/400 Energy 886/900 System Corruption 0% Temperature Cool (-191) Movement Walking (116) Location To Epsilon Eridani Parts ------- > --- POWER (3) -------- Quantum Reactor Quantum Reactor Quantum Reactor > --- PROPULSION (5) --- Enhanced Biometal Leg Centrium Leg Centrium Leg Centrium Leg Centrium Leg > --- UTILITY (10) ----- Advanced Cryofiber Web Advanced Cooling System Advanced Signal Interpreter Advanced Terrain Scanner Improved Transmission Jammer Advanced Reaction Control System Advanced Phase Shifter Centrium Medium Armor Plating Advanced Hardlight Generator Improved Corruption Screen > --- WEAPON (3) ------- Enhanced Nova Cannon Enhanced Nova Cannon Linear Accelerator > --- INVENTORY (7) ---- Protomatter-73 Advanced Cooling System Energy Filter Centrium Medium Armor Plating Dynamic Insulation System Advanced KE Penetrator Improved Plasma Cutter Peak State ------------ > --- POWER ------------ Quantum Reactor Quantum Reactor Quantum Reactor > --- PROPULSION ------- Enhanced Biometal Leg Centrium Leg Centrium Leg Centrium Leg Centrium Leg > --- UTILITY ---------- Advanced Cryofiber Web Advanced Cooling System Advanced Signal Interpreter Advanced Terrain Scanner Improved Transmission Jammer Advanced Reaction Control System Advanced Phase Shifter Centrium Medium Armor Plating Advanced Hardlight Generator Improved Corruption Screen > --- WEAPON ----------- Enhanced Nova Cannon Enhanced Nova Cannon Linear Accelerator > --- INVENTORY -------- Protomatter Advanced Cooling System Energy Filter Centrium Medium Armor Plating Dynamic Insulation System Advanced KE Penetrator Improved Plasma Cutter [Rating: 168] Favorites ----------- Power Quantum Reactor Engine Ion Engine Power Core Neutrino Core Reactor Quantum Reactor Propulsion Armored Leg Leg Armored Leg Wheel Compact Wheel Utility 0b10 Alert Chip Device Advanced Terrain Scanner Storage Advanced Matter Compressor Processor 0b10 Alert Chip Protection Centrium Medium Armor Plating Weapon Advanced KE Penetrator Energy Gun Wave Gun Energy Cannon Enhanced Nova Cannon Ballistic Gun Advanced KE Penetrator Ballistic Cannon Linear Accelerator Launcher Heavy Rocket Launcher Special Weapon Enhanced Flamer Special Melee Weapon Datajack Build | -11 -10 -10 -10 -9 -8 -7 -7 -7 -7 -6 -5 -5 -5 -5 -5 -4 -4 -4 -3 -3 -2 -1 ------- Run | Yrd Mat Min Exi Min Mat Fac Gar Fac Gar Fac Fac Ext Cet Arc Hub Fac Upp Upp Res Gar Res Acc Slots Evolved 17 | 2 . 1 . 1 . 1 2 1 . 2 1 . 2 . . 1 . . . 2 . 1 Power 2 | . . . . . . . 1 . . . . . . . . . . . . 1 . . Propulsion 4 | 1 . . . . . . 1 . . . . . 1 . . . . . . 1 . . Utility 9 | . . 1 . 1 . 1 . 1 . 2 1 . . . . 1 . . . . . 1 Weapon 2 | 1 . . . . . . . . . . . . 1 . . . . . . . . . Parts Attached 221 | 6 . 4 . 4 8 13 8 5 8 33 22 14 8 . 6 23 5 1 2 12 12 27 Power 28 | 1 . . . . . 1 1 . 3 5 4 1 1 . . 2 1 1 1 3 1 2 Engine 1 | 1 . . . . . . . . . . . . . . . . . . . . . . Core 18 | . . . . . . 1 1 . 3 5 4 1 . . . 1 1 1 . . . . Reactor 9 | . . . . . . . . . . . . . 1 . . 1 . . 1 3 1 2 Propulsion 41 | 2 . 1 . 1 1 4 . 1 . 9 . . 1 . 3 4 . . . 2 4 8 Treads . | . . . . . . . . . . . . . . . . . . . . . . . Leg 28 | . . . . . . . . . . 6 . . 1 . 3 4 . . . 2 4 8 Wheel 13 | 2 . 1 . 1 1 4 . 1 . 3 . . . . . . . . . . . . Hover . | . . . . . . . . . . . . . . . . . . . . . . . Flight . | . . . . . . . . . . . . . . . . . . . . . . . Utility 99 | 1 . 2 . 1 1 6 3 2 3 15 17 5 2 . 3 17 2 . . 4 5 10 Device 75 | 1 . 2 . . 1 4 3 1 3 11 14 4 1 . 3 12 2 . . 4 3 6 Storage 1 | . . . . . . . . . . . . 1 . . . . . . . . . . Processor 5 | . . . . 1 . . . 1 . . 1 . . . . 1 . . . . . 1 Hackware . | . . . . . . . . . . . . . . . . . . . . . . . Protection 18 | . . . . . . 2 . . . 4 2 . 1 . . 4 . . . . 2 3 Artifact . | . . . . . . . . . . . . . . . . . . . . . . . Weapon 53 | 2 . 1 . 2 6 2 4 2 2 4 1 8 4 . . . 2 . 1 3 2 7 Energy Gun 13 | 1 . 1 . . . . 1 . . 1 1 3 1 . . . 1 . 1 1 1 . Energy Cannon 6 | . . . . . . . . . . . . . . . . . . . . 1 1 4 Ballistic Gun 15 | 1 . . . 1 1 . 2 1 1 2 . 2 3 . . . . . . 1 . . Ballistic Cannon 3 | . . . . . . 1 . . . . . . . . . . . . . . . 2 Launcher 9 | . . . . . 3 . 1 . 1 1 . 3 . . . . . . . . . . Special Weapon 6 | . . . . 1 2 1 . . . . . . . . . . 1 . . . . 1 Impact Weapon . | . . . . . . . . . . . . . . . . . . . . . . . Slashing Weapon . | . . . . . . . . . . . . . . . . . . . . . . . Piercing Weapon . | . . . . . . . . . . . . . . . . . . . . . . . Special Melee Weapon 1 | . . . . . . . . 1 . . . . . . . . . . . . . . Unidentified Prototypes 8 | . . . . . . 1 . . . . . 1 3 . 1 . 1 . . . 1 . Parts Lost 8 | . . . . . 1 . . . 1 . 2 1 . . 1 . . . . 1 1 . Power . | . . . . . . . . . . . . . . . . . . . . . . . Propulsion . | . . . . . . . . . . . . . . . . . . . . . . . Utility 8 | . . . . . 1 . . . 1 . 2 1 . . 1 . . . . 1 1 . Weapon . | . . . . . . . . . . . . . . . . . . . . . . . Highest Loss Streak 1 | . . . . . 1 . . . 1 . 1 1 . . 1 . . . . 1 1 . To Critical Strikes 1 | . . . . . . . . . . . . . . . . . . . . 1 . . Average Slot Usage (%) 99 | . 100 100 100 100 98 95 91 99 100 99 98 99 99 100 99 99 99 100 100 99 99 99 Engine 1 | . 16 15 14 13 12 5 . . . . . . . . . . . . . . . . Core 7 | . . . . . . 5 17 16 16 13 13 13 11 5 5 5 5 5 3 . . . Reactor 3 | . . . . . . . . . . . . . . 5 5 4 5 5 7 11 15 14 Leg 15 | . . . . . . . . . . 14 20 20 21 23 23 22 22 22 22 22 25 23 Wheel 7 | . 33 32 28 27 25 21 18 24 25 6 . . . . . . . . . . . . Device 28 | . 16 16 28 27 23 19 18 16 20 27 32 32 31 29 28 29 32 33 33 32 30 32 Processor 10 | . . . . 3 12 11 9 15 16 14 13 13 12 11 11 11 11 11 11 10 9 8 Protection 4 | . . . . . . 10 9 8 4 7 3 6 5 5 5 5 5 5 5 5 5 4 Energy Gun 5 | . 16 15 14 . . . 8 8 8 6 6 5 5 5 5 5 4 5 5 3 . . Ballistic Gun 8 | . 16 15 14 13 11 3 4 7 7 6 6 5 8 11 11 11 11 11 11 10 10 3 Peak Build Rating 168 | 6 6 12 13 21 21 32 41 44 45 67 81 82 106 106 114 123 125 125 127 145 155 168 Average Rating 86 | 4 6 8 12 16 20 27 39 43 44 59 75 77 91 106 108 116 123 124 124 129 146 163 On Entrance 68 | . 6 6 12 13 21 18 31 40 44 44 67 78 79 106 106 114 123 125 124 126 145 151 Naked Turns . | . . . . . . . . . . . . . . . . . . . . . . . Heaviest Build 126 | 9 9 11 11 12 14 31 40 33 33 43 65 60 70 70 71 76 76 75 79 109 116 126 Greatest Support 160 | 32 32 32 32 32 28 38 38 48 48 70 58 58 74 74 102 102 102 102 102 127 132 160 Greatest Overweight (x) 1 | . . . . . . 1 1 . . 1 1 1 . . . . . . . 1 . . Average Overweight (x) . | . . . . . . . . . . . . . . . . . . . . . . . Largest Inventory Capacity 7 | 3 3 4 4 4 4 5 5 5 5 6 6 6 6 6 6 6 6 7 7 7 7 7 Average Capacity 5 | 2 3 3 4 4 4 4 5 5 5 5 6 6 6 6 6 6 6 6 7 7 7 7 Most Carried 7 | 3 3 3 4 4 4 5 5 5 5 6 6 6 6 6 6 6 6 6 7 7 7 7 Average Carried 5 | 1 3 2 3 3 3 3 4 4 4 5 5 6 5 5 5 5 5 5 6 6 6 6 Final Capacity 7 | 3 3 4 4 4 4 5 5 5 5 6 6 6 6 6 6 6 6 7 7 7 7 7 Final Carried 7 | 3 3 3 4 3 3 4 5 5 5 6 6 6 6 6 6 6 6 6 6 6 7 7 Class Distribution -------------------- 41% | Hacker-Skirmisher 37% | Wizard-Skirmisher 14% | Wizard-Tank 7% | Hacker-Mutant Dominant Class ---------------- Hacker-Mutant | -10/Materials Hacker-Mutant | -10/Mines Hacker-Mutant | -10/Exiles Hacker-Skirmisher | -9/Mines Hacker-Skirmisher | -8/Materials Hacker-Skirmisher | -7/Factory Hacker-Skirmisher | -7/Garrison Hacker-Skirmisher | -7/Factory Hacker-Skirmisher | -7/Garrison Hacker-Skirmisher | -6/Factory Hacker-Skirmisher | -5/Factory Wizard-Skirmisher | -5/Extension Wizard-Skirmisher | -5/Cetus Wizard-Skirmisher | -5/Archives Wizard-Skirmisher | -5/Hub_04(d) Wizard-Skirmisher | -4/Factory Wizard-Tank | -4/Upper Caves Wizard-Tank | -4/Upper Caves Wizard-Skirmisher | -3/Research Wizard-Skirmisher | -3/Garrison Wizard-Skirmisher | -2/Research Wizard-Skirmisher | -1/Access Resources | -11 -10 -10 -10 -9 -8 -7 -7 -7 -7 -6 -5 -5 -5 -5 -5 -4 -4 -4 -3 -3 -2 -1 ----------- Run | Yrd Mat Min Exi Min Mat Fac Gar Fac Gar Fac Fac Ext Cet Arc Hub Fac Upp Upp Res Gar Res Acc Matter Collected 7196 | 262 . 83 . 69 241 134 288 141 297 667 751 394 216 56 236 606 156 170 . 427 151 1851 Remotely 35 | 10 . 25 . . . . . . . . . . . . . . . . . . . . Salvage Created 12542 | 71 . 355 . 25 225 78 204 100 762 1200 2160 439 243 . 1727 954 240 207 . 690 232 2630 Parts 808 | 4 . 31 . 2 13 5 11 10 38 83 150 31 18 . 49 74 14 25 . 41 11 198 Haulers Intercepted 2 | . . . . . . . . . . . . . . . 2 . . . . . . . Recyclers Shooed 9 | . . 1 . . . . . . . . 4 1 . . . 2 . . . . . 1 Parts Field Recycled 14 | . . . . . . 8 6 . . . . . . . . . . . . . . . Retrieved Matter 168 | . . . . . . 94 74 . . . . . . . . . . . . . . . Parts Self-Destructed 46 | . . . . . . . . . . . . . . . . . 31 15 . . . . Prevented . | . . . . . . . . . . . . . . . . . . . . . . . Kills | -11 -10 -10 -10 -9 -8 -7 -7 -7 -7 -6 -5 -5 -5 -5 -5 -4 -4 -4 -3 -3 -2 -1 ------- Run | Yrd Mat Min Exi Min Mat Fac Gar Fac Gar Fac Fac Ext Cet Arc Hub Fac Upp Upp Res Gar Res Acc Combat Hostiles Destroyed 238 | . . 10 . 3 9 2 8 . 20 24 33 8 5 . 5 20 7 10 . 16 1 57 Guns 175 | . . 10 . 1 6 . 6 . 17 23 33 7 5 . 5 19 7 10 . 14 1 11 Cannons 51 | . . . . 1 2 1 2 . . . . . . . . . . . . 2 . 43 AOE 6 | . . . . . . . . . 3 1 . 1 . . . 1 . . . . . . Classes Destroyed 20 | 1 . 3 . . 2 1 . 1 1 6 2 . . . 1 . . 1 . . 1 . Worker 21 | . . . . . . . . 1 . 5 6 2 . . 4 . . . . . . 3 Builder 11 | . . . . . . . . . . . 4 3 . . 3 1 . . . . . . Tunneler 10 | . . 5 . . . 1 . 2 . 1 1 . . . . . . . . . . . Hauler 2 | . . . . . . . . . . . . . . . 2 . . . . . . . Recycler 11 | 1 . 1 . . . . . . . . 1 1 . . 4 1 . . . . . 2 Mechanic 1 | . . . . . . . . . . 1 . . . . . . . . . . . . Operator 2 | . . . . . . . . . . . . . . . . . . . . . 1 1 Watcher 34 | . . . . . 1 1 . 2 . 6 7 1 1 . 3 2 . . . . 1 9 Swarmer 52 | . . 6 . 3 3 . 3 . 6 6 4 1 . . . 5 1 4 . . . 10 Cutter 3 | . . . . . . . . . 3 . . . . . . . . . . . . . Saboteur 1 | . . . . . . . . . . 1 . . . . . . . . . . . . Grunt 64 | . . 4 . . 3 . 3 . 7 6 10 4 . . 2 4 4 2 . 8 . 7 Brawler 4 | . . . . . . . . . . 1 2 . . . . . . . . . . 1 Duelist 4 | . . . . . . . . . . . 1 . . . . . 1 . . 1 . 1 Sentry 21 | . . . . . 3 1 1 . 4 1 3 1 . . 2 3 1 . . . . 1 Specialist 3 | . . . . . . . . . . 3 . . . . . . . . . . . . Hunter 28 | . . . . . . . . . . 1 5 1 . . . 1 . . . 7 . 13 Programmer 46 | . . . . . . 1 1 . . 4 8 1 . . . 8 . . . . . 23 Heavy 3 | . . . . . . . . . . 1 . . . . . . . . . . 1 1 Cetus Guard 5 | . . . . . . . . . . . . . 5 . . . . . . . . . Enhanced Grunt 4 | . . . . . . . . . . . . . . . 4 . . . . . . . Lightning 1 | . . . . . . . . . . . . . . . 1 . . . . . . . Thug 1 | . . . . . . . . . . . . . . . . . . 1 . . . . Fireman 3 | . . . . . . . . . . . . . . . . . . 3 . . . . Best Kill Streak 14 | 1 . 3 . 3 5 2 3 2 4 8 7 4 2 . 14 6 5 4 . 10 1 11 Combat Bots Only 10 | . . 3 . 3 5 1 3 . 4 4 4 2 2 . 2 6 5 4 . 10 1 7 Max Kills in Single Turn 6 | 1 . 2 . 1 1 1 1 1 2 3 2 2 1 . 6 2 1 1 . 1 1 2 Gunslinging 1 | . . 1 . . . . . . . . 1 . . . . 1 . . . . . . Exploded 2 | . . . . . . . . . 2 1 . 1 . . . 1 . . . . . . Melee . | . . . . . . . . . . . . . . . . . . . . . . . Uniques/NPCs Destroyed . | . . . . . . . . . . . . . . . . . . . . . . . Combat | -11 -10 -10 -10 -9 -8 -7 -7 -7 -7 -6 -5 -5 -5 -5 -5 -4 -4 -4 -3 -3 -2 -1 -------- Run | Yrd Mat Min Exi Min Mat Fac Gar Fac Gar Fac Fac Ext Cet Arc Hub Fac Upp Upp Res Gar Res Acc Hostile Shots Fired 1752 | . . 60 . 27 77 38 42 1 174 142 212 60 81 4 19 132 54 23 . 237 6 363 Missed 688 | . . 10 . 7 15 15 10 . 51 44 54 27 35 1 8 52 20 8 . 114 1 216 Damage Taken 10629 | . . 320 . 170 678 133 259 93 861 1108 1982 451 623 37 313 680 217 37 56 567 255 1789 Core 7479 | . . 267 . 137 546 84 151 74 617 769 1424 267 429 28 219 464 136 26 44 348 160 1289 Absorbed by Shields 4205 | . . . . . . . 100 . 393 193 496 227 282 18 54 460 264 116 . 834 40 728 Redirected to Core 6301 | . . 154 . 103 413 64 106 18 477 649 1235 246 354 28 219 440 129 20 44 322 160 1120 Ignored by Resistances 5891 | . . 108 . 52 198 58 133 32 481 461 813 241 321 20 121 483 230 74 24 665 160 1216 Regen/Repaired (Parts) 900 | . . . . . . 72 . . . 245 9 . . . . 574 . . . . . . Core Remaining (%) 83 | 100 . . . 69 4 . . . 100 62 . . . . 100 . . 100 . 99 100 100 Volleys Fired 768 | 2 2 42 . 7 47 14 24 6 46 73 127 44 30 7 35 54 15 20 . 37 9 127 Largest 3 | 2 2 2 . 2 2 2 2 2 2 2 2 2 3 3 3 3 3 3 . 3 3 3 Hottest 310 | 70 70 85 . 103 103 103 129 114 114 120 114 114 151 150 150 240 240 150 . 310 185 306 Shots Fired 1706 | 4 4 84 . 14 72 23 47 12 88 141 242 80 63 16 75 134 41 54 . 110 23 379 Gun 1342 | 4 4 84 . 7 44 10 25 12 85 137 242 72 63 16 75 134 41 54 . 98 14 121 Cannon 304 | . . . . . . 4 21 . . . . . . . . . . . . 12 9 258 Launcher 19 | . . . . . 3 . 1 . 3 4 . 8 . . . . . . . . . . Special 41 | . . . . 7 25 9 . . . . . . . . . . . . . . . . Kinetic 1004 | 2 2 42 . 7 44 14 23 6 42 69 127 43 34 14 46 92 28 36 . 73 14 246 Thermal 683 | 2 2 42 . 7 25 9 23 6 43 68 115 29 29 2 29 42 13 18 . 37 9 133 Explosive 19 | . . . . . 3 . 1 . 3 4 . 8 . . . . . . . . . . Electromagnetic . | . . . . . . . . . . . . . . . . . . . . . . . Robot Hit Streak 43 | 4 1 21 . 8 19 24 16 21 30 33 43 16 19 29 30 37 43 27 . 39 17 30 Robot Miss Streak 3 | . 3 3 . 1 2 2 2 1 1 1 2 2 1 . 2 1 1 1 . 1 1 3 Penetration Max 1 | . . . . . . . . 1 1 1 1 1 1 . 1 1 1 1 . 1 . 1 Secondary Targets 24 | . . 2 . . . . . . 4 . 5 . 3 . . 3 3 . . 4 . . Max Gunslinging Chain 1 | . . 1 . . . . . . 1 . 1 . 1 . . 1 1 . . 1 . . Shots Hit Robots 1352 | 4 1 63 . 12 56 20 35 11 76 119 205 61 56 16 42 107 36 41 . 98 17 276 Core Hits 604 | 2 1 25 . 2 17 6 13 4 41 56 92 37 27 4 33 46 16 18 . 36 6 122 Critical Kills 37 | . . . . . . . . 1 2 3 1 2 . . 5 6 3 3 . 4 . 7 Critical Parts Destroyed 52 | . . . . . . . . . . 6 6 1 . 1 4 8 5 3 . 6 1 11 Critical Strikes 116 | . . 1 . 1 1 1 . 3 3 12 12 4 1 1 10 14 9 6 . 10 1 26 Burn 14 | . . 1 . 1 1 1 . 2 1 2 4 1 . . . . . . . . . . Meltdown 3 | . . . . . . . . . . . . . . . . . . . . . . 3 Destroy 92 | . . . . . . . . 1 2 10 8 3 1 1 10 14 9 6 . 10 1 16 Blast 7 | . . . . . . . . . . . . . . . . . . . . . . 7 Melee Attacks 1 | . . . . . . . . 1 . . . . . . . . . . . . . . Impact . | . . . . . . . . . . . . . . . . . . . . . . . Slashing . | . . . . . . . . . . . . . . . . . . . . . . . Piercing . | . . . . . . . . . . . . . . . . . . . . . . . Sneak Attacks 1 | . . . . . . . . 1 . . . . . . . . . . . . . . Combat Hostiles . | . . . . . . . . . . . . . . . . . . . . . . . Follow-up Attacks . | . . . . . . . . . . . . . . . . . . . . . . . Damage Inflicted 43722 | 42 8 710 . 167 773 336 968 265 2363 4043 5773 2532 1404 432 3642 3517 1044 1128 . 2834 551 11190 Guns 28722 | 42 8 710 . 112 563 133 521 265 1743 3146 5770 1575 1404 427 1479 3387 1044 1128 . 2367 278 2620 Cannons 9837 | . . . . . . 125 447 . . . . . . . . . . . . 467 273 8525 Explosions 4748 | . . . . . . . . . 620 897 . 938 . . 2163 130 . . . . . . Melee . | . . . . . . . . . . . . . . . . . . . . . . . Ramming 72 | . . . . . . . . . . . 3 19 . 5 . . . . . . . 45 Kinetic 22283 | 18 8 272 . 112 563 258 470 145 817 1615 3016 941 778 366 1035 2402 708 785 . 1634 278 6062 Thermal 16749 | 24 . 438 . 55 210 78 498 120 926 1531 2754 634 626 61 444 1115 336 343 . 1200 273 5083 Explosive 2455 | . . . . . . . . . 620 897 . 938 . . . . . . . . . . Electromagnetic 2163 | . . . . . . . . . . . . . . . 2163 . . . . . . . Impact . | . . . . . . . . . . . . . . . . . . . . . . . Slashing . | . . . . . . . . . . . . . . . . . . . . . . . Piercing . | . . . . . . . . . . . . . . . . . . . . . . . Highest Corruption 4 | . . . . . . 1 1 1 2 1 4 . . . 1 . . . . . . 2 Average Corruption 1 | . . . . . . 1 1 1 1 1 3 . . . 1 . . . . . . 1 Corruption Purged 9 | . . . . . . . . . . . 7 . . . . . . . . . . 2 Corruption Blocked 13 | . . . . . . . . . . . 3 . . . . . . . . . . 10 Effects 93 | . . . . . . 2 6 9 10 7 25 . . . 4 . . . . . . 30 Message Errors 17 | . . . . . . 1 1 . 2 . 7 . . . . . . . . . . 6 Matter Fused 15 | . . . . . . . . 2 1 1 5 . . . 1 . . . . . . 5 Heat Flow Errors 14 | . . . . . . 1 2 1 2 1 4 . . . . . . . . . . 3 Energy Discharges 14 | . . . . . . . 1 2 1 2 2 . . . 1 . . . . . . 5 Parts Rejected 4 | . . . . . . . . . . . 1 . . . 1 . . . . . . 2 Parts Fused 1 | . . . . . . . . . 1 . . . . . . . . . . . . . Data Loss (minor) 14 | . . . . . . . 1 2 2 . 3 . . . 1 . . . . . . 5 Data Loss (major) 8 | . . . . . . . 1 1 1 2 1 . . . . . . . . . . 2 Misfires 2 | . . . . . . . . . . 1 . . . . . . . . . . . 1 Alerts 3 | . . . . . . . . 1 . . 2 . . . . . . . . . . . Weapon Failures 1 | . . . . . . . . . . . . . . . . . . . . . . 1 Overload Shots 7 | . . . . . . . . . . . . . . . . 4 1 . . 2 . . Effects 1 | . . . . . . . . . . . . . . . . . . . . 1 . . Short Circuit 1 | . . . . . . . . . . . . . . . . . . . . 1 . . Overflow Damage 725 | . . . . . . 9 3 . 33 . . 76 . . 89 . . . . 29 2 484 Projectiles 524 | . . . . . . 9 3 . . . . . . . . . . . . 29 2 481 Explosions 198 | . . . . . . . . . 33 . . 76 . . 89 . . . . . . . Melee 3 | . . . . . . . . . . . . . . . . . . . . . . 3 Knockbacks 40 | . . . . . . . 8 . . . . . . . . . . . . . . 32 Impact 1 | . . . . . . . . . . . . . . . . . . . . . . 1 Kinetic 37 | . . . . . . . 8 . . . . . . . . . . . . . . 29 Secondary 2 | . . . . . . . . . . . . . . . . . . . . . . 2 Self-Inflicted Damage 226 | . . . . . 30 . 8 . . 25 . . . . 163 . . . . . . . Shots 5 | . . . . . 1 . 1 . . 1 . . . . 2 . . . . . . . Rammed . | . . . . . . . . . . . . . . . . . . . . . . . Targets Rammed 8 | . . . . . . . . . . . 2 3 . 1 . . . . . . . 2 Kicked 8 | . . . . . . . . . . . 2 3 . 1 . . . . . . . 2 Crushed . | . . . . . . . . . . . . . . . . . . . . . . . Highest Temperature 300 | 40 40 140 . . 36 214 232 127 179 195 254 74 77 24 106 282 136 9 . 300 18 193 Average Temperature 45 | 23 23 45 . . 15 84 46 30 27 34 44 29 33 16 30 90 20 5 . 114 12 59 Received Heat Transfer 1782 | . . 63 . 40 324 60 104 12 266 132 228 120 103 . 29 105 66 21 . 90 . 19 Effects 5 | . . . . . . . . . . . . . . . . 5 . . . . . . Energy Bleed 1 | . . . . . . . . . . . . . . . . 1 . . . . . . Interference 4 | . . . . . . . . . . . . . . . . 4 . . . . . . Siege Activations . | . . . . . . . . . . . . . . . . . . . . . . . Robots Corrupted 4 | . . . . . . . . . . . . . . . 4 . . . . . . . Combat Hostiles . | . . . . . . . . . . . . . . . . . . . . . . . Parts Fried 25 | . . . . . . . . . . . . 1 . . 24 . . . . . . . Impact Corruptions 1 | . . . . . . . . . . . . . . . . . . . . . . 1 Robots Melted 6 | . . . . 1 1 1 . . . . . . . . . . . . . . . 3 Combat Hostiles 6 | . . . . 1 1 1 . . . . . . . . . . . . . . . 3 Parts Melted 33 | . . . . . 8 2 . . 1 3 5 . 1 . . 1 1 1 . 3 1 6 Heat Transferred 23576 | 74 . 1258 . 560 1680 720 703 333 1283 2368 4218 999 962 74 518 1247 444 555 . 1288 222 4070 Parts Sabotaged . | . . . . . . . . . . . . . . . . . . . . . . . Parts Stolen . | . . . . . . . . . . . . . . . . . . . . . . . Parts Stripped . | . . . . . . . . . . . . . . . . . . . . . . . Power Chain Reactions . | . . . . . . . . . . . . . . . . . . . . . . . Alert | -11 -10 -10 -10 -9 -8 -7 -7 -7 -7 -6 -5 -5 -5 -5 -5 -4 -4 -4 -3 -3 -2 -1 ------- Run | Yrd Mat Min Exi Min Mat Fac Gar Fac Gar Fac Fac Ext Cet Arc Hub Fac Upp Upp Res Gar Res Acc Peak Influence 680 | 5 23 142 . 85 137 86 306 169 680 362 240 230 136 125 596 264 . . 25 232 113 407 Initial 309 | . 2 7 . . . 4 11 139 . 309 93 40 34 31 36 195 . . . 2 113 12 Average 101 | 1 6 51 . 3 63 28 149 64 308 72 48 75 76 113 302 84 . . 12 154 23 188 Maximum Alert Level 2 | . . . . . . . 1 . 2 1 1 1 . . 2 1 . . . 1 . 2 Low Security (%) 83 | 100 100 100 . 100 100 100 77 100 29 87 99 93 100 100 41 98 . . 100 76 100 47 Level 1 13 | . . . . . . . 22 . 42 12 . 6 . . 5 1 . . . 23 . 50 Level 2 2 | . . . . . . . . . 27 . . . . . 52 . . . . . . 2 Level 3 . | . . . . . . . . . . . . . . . . . . . . . . . Level 4 . | . . . . . . . . . . . . . . . . . . . . . . . Level 5 . | . . . . . . . . . . . . . . . . . . . . . . . High Security . | . . . . . . . . . . . . . . . . . . . . . . . Max Security . | . . . . . . . . . . . . . . . . . . . . . . . Squads Dispatched 41 | . 1 . . . . 3 . 1 . 7 8 4 . . 1 3 . . . . 1 12 Investigation 4 | . 1 . . . . . . . . . 1 1 . . . . . . . . . 1 Extermination 23 | . . . . . . 1 . 1 . 3 5 . . . . 3 . . . . 1 9 Reinforcement 13 | . . . . . . 1 . . . 4 2 3 . . 1 . . . . . . 2 Assault . | . . . . . . . . . . . . . . . . . . . . . . . Garrison 1 | . . . . . . 1 . . . . . . . . . . . . . . . . Intercept . | . . . . . . . . . . . . . . . . . . . . . . . Searches Triggered . | . . . . . . . . . . . . . . . . . . . . . . . Construction Impeded 2 | . . . . . . . . . . . . 2 . . . . . . . . . . Haulers Reinforced 1 | . . . . . . . . . . . 1 . . . . . . . . . . . Active Scanning Responses . | . . . . . . . . . . . . . . . . . . . . . . . Cargo Convoy Interrupts 1 | . . . . . . . . . . 1 . . . . . . . . . . . . Stealth | -11 -10 -10 -10 -9 -8 -7 -7 -7 -7 -6 -5 -5 -5 -5 -5 -4 -4 -4 -3 -3 -2 -1 --------- Run | Yrd Mat Min Exi Min Mat Fac Gar Fac Gar Fac Fac Ext Cet Arc Hub Fac Upp Upp Res Gar Res Acc Distress Signals 11 | . . . . . 1 . . . . . 4 . 2 . . 1 . . 3 . . . Communications Jammed 123 | . . . . . . . . . . 24 39 5 4 . 1 17 . . . . 7 26 Distress Signals 114 | . . . . . . . . . . 20 39 5 4 . 1 17 . . . . 4 24 Times Spotted 375 | . 1 10 . 9 14 4 11 4 34 38 49 24 12 5 13 28 12 9 . 20 3 75 Peak Tracking Total 9 | . 1 3 . 5 6 1 3 3 8 6 5 8 5 1 3 7 7 1 . 9 1 5 Tactical Retreats 25 | . . . . 2 . . 1 . 3 5 3 3 4 . . 2 . . . 1 . 1 Traps | -11 -10 -10 -10 -9 -8 -7 -7 -7 -7 -6 -5 -5 -5 -5 -5 -4 -4 -4 -3 -3 -2 -1 ------- Run | Yrd Mat Min Exi Min Mat Fac Gar Fac Gar Fac Fac Ext Cet Arc Hub Fac Upp Upp Res Gar Res Acc Traps Triggered 26 | . . . . . . 1 3 . 6 . 3 3 . . 1 2 . . . 2 1 4 Indirectly 1 | . . . . . . . . . . . . . . . 1 . . . . . . . Trap Hack Attempts . | . . . . . . . . . . . . . . . . . . . . . . . Triggered . | . . . . . . . . . . . . . . . . . . . . . . . Disarmed 36 | . 6 . . . . . . . . . 4 . . . . 20 . . . . 6 . Reprogrammed . | . . . . . . . . . . . . . . . . . . . . . . . Reused . | . . . . . . . . . . . . . . . . . . . . . . . Traps Extracted . | . . . . . . . . . . . . . . . . . . . . . . . Installed . | . . . . . . . . . . . . . . . . . . . . . . . Triggered 4 | . . . . . . . . . . 1 . . . . . . 1 2 . . . . Machines | -11 -10 -10 -10 -9 -8 -7 -7 -7 -7 -6 -5 -5 -5 -5 -5 -4 -4 -4 -3 -3 -2 -1 ---------- Run | Yrd Mat Min Exi Min Mat Fac Gar Fac Gar Fac Fac Ext Cet Arc Hub Fac Upp Upp Res Gar Res Acc Machines Disabled 45 | . . . . . 2 . 2 4 1 2 4 4 . 2 14 4 1 . . . . 5 Max in Single Turn 2 | . . . . . 2 . 2 . 1 1 1 1 . 1 1 1 1 . . . . 1 Garrison Access 7 | . . . . . . . . . . 1 2 . . . 1 1 . . . . 2 . Garrison Relay 1 | . . . . . . . . . 1 . . . . . . . . . . . . . Phase Generator 1 | . . . . . . . 1 . . . . . . . . . . . . . . . Network Hub 2 | . . . . . . . . . . . . . . . 2 . . . . . . . Energy Cycler 1 | . . . . . . . . . . . . 1 . . . . . . . . . . Machines Repaired . | . . . . . . . . . . . . . . . . . . . . . . . Machines Dismantled 2 | . . . . . . . . . . . . . . . . . 1 . . . . 1 Machines Sabotaged . | . . . . . . . . . . . . . . . . . . . . . . . Overloaded Fab Kills . | . . . . . . . . . . . . . . . . . . . . . . . Hacking | -11 -10 -10 -10 -9 -8 -7 -7 -7 -7 -6 -5 -5 -5 -5 -5 -4 -4 -4 -3 -3 -2 -1 --------- Run | Yrd Mat Min Exi Min Mat Fac Gar Fac Gar Fac Fac Ext Cet Arc Hub Fac Upp Upp Res Gar Res Acc Machines Accessed 113 | . 3 . 2 . 5 3 . 4 2 16 19 11 2 1 3 16 1 1 3 2 10 9 Terminals 69 | . 3 . . . 4 . . 2 2 9 9 11 2 . 2 10 . . 1 2 6 6 Fabricators 10 | . . . . . . . . 1 . 2 3 . . . . 2 . . . . . 2 Repair Stations 6 | . . . . . . 1 . . . 2 1 . . . . 2 . . . . . . Recycling Units 4 | . . . . . . . . . . 1 2 . . . . . . . . . . 1 Scanalyzers 9 | . . . . . 1 1 . . . 1 2 . . . . 1 . . 1 . 2 . Garrison Access 10 | . . . . . . 1 . 1 . 1 2 . . . 1 1 . . 1 . 2 . Total Hacks 479 | . 13 . 5 . 22 10 . 13 7 65 55 31 3 17 14 86 1 1 17 16 60 43 Successful 326 | . 7 . 5 . 19 6 . 7 4 45 37 21 2 17 11 64 1 1 10 7 38 24 Failed 152 | . 6 . . . 3 4 . 6 3 20 18 10 1 . 3 22 . . 7 9 21 19 Catastrophic 19 | . . . . . . . . 1 . . 5 1 . . . 3 . . . 3 1 5 Database Lockouts 1 | . . . . . . . . . . . . . . . . . . . . . 1 . Manual 244 | . 7 . 1 . 14 . . 7 7 44 27 18 1 1 12 29 . . 3 13 32 28 Terminals 350 | . 13 . . . 16 . . 10 7 46 39 31 3 . 13 58 . . 8 16 52 38 Fabricators 15 | . . . . . . . . 2 . 3 4 . . . . 2 . . . . . 4 Repair Stations 38 | . . . . . . 3 . . . 10 4 . . . . 21 . . . . . . Recycling Units 7 | . . . . . . . . . . 4 2 . . . . . . . . . . 1 Scanalyzers 31 | . . . . . 6 3 . . . 1 4 . . . . 4 . . 7 . 6 . Garrison Access 14 | . . . . . . 4 . 1 . 1 2 . . . 1 1 . . 2 . 2 . Terminal Hacks 167 | . 4 . 5 . 9 . . 3 2 14 12 18 2 17 7 30 1 1 2 5 23 12 Record 33 | . . . 4 . 1 . . . . . 1 . 1 17 . 1 1 . . . 7 . Part Schematic 5 | . . . . . . . . . . . 1 1 . . . 1 . . . . 2 . Robot Analysis 17 | . . . . . 4 . . . . 3 . 5 . . . 2 . . . 1 1 1 Prototype ID Bank 12 | . . . . . 1 . . 1 . 1 1 1 . . 1 4 . . 1 . 1 . Open Door 10 | . . . . . . . . . . . . 7 1 . . . . 1 . . . 1 Open DSF 1 | . . . . . . . . . . . . . . . . 1 . . . . . . Level Access Points 6 | . . . . . . . . . . 1 1 . . . 1 1 . . . . 1 1 Branch Access Points 6 | . 1 . . . 1 . . . . . 1 . . . 1 1 . . . . 1 . Emergency Access Points 3 | . . . . . . . . . . . . . . . 1 1 . . . 1 . . Machine Index 4 | . . . . . . . . . . . 1 . . . 1 1 . . . . 1 . Terminal Index 6 | . 1 . . . . . . . . 1 . 1 . . . 1 . . . . 1 1 Repair Station Index 1 | . . . . . 1 . . . . . . . . . . . . . . . . . Garrison Index 3 | . . . . . . . . . . 1 . . . . . 1 . . . . . 1 Unreport Threat 10 | . . . . . 1 . . 1 . 3 . . . . 1 2 . . . . 1 1 Locate Traps 23 | . 1 . . . . . . 1 . 3 3 1 . . . 6 . . 1 . 3 4 Disarm Traps 8 | . 1 . . . . . . . . . 1 . . . . 4 . . . . 2 . Dispatch Records 4 | . . . . . . . . . . . 1 1 . . . . . . . . 1 1 Security Status 1 | . . . . . . . . . . . . . . . 1 . . . . . . . Coupling Status 1 | . . . . . . . . . . . . . . . . 1 . . . . . . Recall Extermination 4 | . . . . . . . . . . . 1 . . . . 1 . . . . 1 1 Recall Reinforcements 2 | . . . . . . . . . . 1 . 1 . . . . . . . . . . Hauler Manifests 1 | . . . . . . . . . 1 . . . . . . . . . . . . . Registered Prototypes 1 | . . . . . . . . . . . . . . . . 1 . . . . . . Garrison Registry 2 | . . . . . . . . . 1 . . . . . . . . . . 1 . . Patrol Navigation 1 | . . . . . . . . . . . . . . . . . . . . 1 . . Security Stations 1 | . . . . . . . . . . . . . . . . . . . . 1 . . Derelict Proto ID Bank 1 | . . . 1 . . . . . . . . . . . . . . . . . . . Fabricator Hacks 4 | . . . . . . . . . . . 2 . . . . . . . . . . 2 Load Schematic 2 | . . . . . . . . . . . 1 . . . . . . . . . . 1 Build 2 | . . . . . . . . . . . 1 . . . . . . . . . . 1 Repair Station Hacks 32 | . . . . . . 2 . . . 10 3 . . . . 17 . . . . . . Scan Component 17 | . . . . . . 1 . . . 5 2 . . . . 9 . . . . . . Repair 15 | . . . . . . 1 . . . 5 1 . . . . 8 . . . . . . Recycling Unit Hacks 2 | . . . . . . . . . . . 1 . . . . . . . . . . 1 Report Inventory 2 | . . . . . . . . . . . 1 . . . . . . . . . . 1 Scanalyzer 26 | . . . . . 6 3 . . . . 4 . . . . 4 . . 4 . 5 . Insert Component 12 | . . . . . 3 1 . . . . 2 . . . . 2 . . 2 . 2 . Analyze 14 | . . . . . 3 2 . . . . 2 . . . . 2 . . 2 . 3 . Garrison Access Hacks 11 | . . . . . . 1 . 1 . 1 2 . . . 1 1 . . 2 . 2 . Unlock Access 3 | . . . . . . 1 . 1 . . . . . . . . . . 1 . . . Seal Access 7 | . . . . . . . . . . 1 2 . . . 1 1 . . . . 2 . Coupler Status 1 | . . . . . . . . . . . . . . . . . . . 1 . . . Unauthorized Hacks 81 | . 3 . . . 4 . . 3 2 17 13 3 . . 3 12 . . 2 2 8 9 Terminals 72 | . 3 . . . 4 . . 3 2 14 11 3 . . 3 10 . . 2 2 8 7 Assimilate 7 | . . . . . . . . . . 4 1 . . . . . . . . . 1 1 Botnet 56 | . 3 . . . 3 . . 2 2 9 9 3 . . 2 9 . . 1 2 6 5 Operators 9 | . . . . . 1 . . 1 . 1 1 . . . 1 1 . . 1 . 1 1 Fabricators 8 | . . . . . . . . . . 2 2 . . . . 2 . . . . . 2 Fabnet 7 | . . . . . . . . . . 2 2 . . . . 2 . . . . . 1 Haulers 1 | . . . . . . . . . . . . . . . . . . . . . . 1 Repair Stations . | . . . . . . . . . . . . . . . . . . . . . . . Recycling Units 1 | . . . . . . . . . . 1 . . . . . . . . . . . . Mask 1 | . . . . . . . . . . 1 . . . . . . . . . . . . Scanalyzers . | . . . . . . . . . . . . . . . . . . . . . . . Garrison Access . | . . . . . . . . . . . . . . . . . . . . . . . Data Cores Recovered 2 | . . . . . . . . . . . . . . . . . . . . . 1 1 Used 2 | . . . . . . . . . . . . . . . . . . . . . 1 1 Hacking Detections 68 | . 3 . . . 3 2 . 3 2 12 14 2 . . 1 11 . . 2 2 5 6 Full Trace Events 4 | . 1 . . . . . . . 1 . 1 . . . . . . . . . . 1 Feedback Events 1 | . . . . . . . . . 1 . . . . . . . . . . . . . Corruption 1 | . . . . . . . . . 1 . . . . . . . . . . . . . Feedback Blocked . | . . . . . . . . . . . . . . . . . . . . . . . Robot Schematics Acquired . | . . . . . . . . . . . . . . . . . . . . . . . Robots Built . | . . . . . . . . . . . . . . . . . . . . . . . Authchips . | . . . . . . . . . . . . . . . . . . . . . . . Time . | . . . . . . . . . . . . . . . . . . . . . . . Total Robot Build Rating . | . . . . . . . . . . . . . . . . . . . . . . . Part Schematics Acquired 17 | . . . . . 3 1 . . . . 3 1 . . . 3 . . 2 . 4 . Parts Built 4 | . . . . . . . . . . . 2 . . . . . . . . . . 2 Authchips . | . . . . . . . . . . . . . . . . . . . . . . . Time 52 | . . . . . . . . . . . 24 . . . . . . . . . . 28 Total Part Build Rating 14 | . . . . . . . . . . . 6 . . . . . . . . . . 8 Parts Repaired 15 | . . . . . . 1 . . . 5 1 . . . . 8 . . . . . . Time 738 | . . . . . . 32 . . . 232 28 . . . . 446 . . . . . . Parts Recycled . | . . . . . . . . . . . . . . . . . . . . . . . Recycled Matter . | . . . . . . . . . . . . . . . . . . . . . . . Retrieved Matter . | . . . . . . . . . . . . . . . . . . . . . . . Retrieved Components . | . . . . . . . . . . . . . . . . . . . . . . . Parts Scanalyzed 12 | . . . . . 3 1 . . . . 2 . . . . 2 . . 2 . 2 . Part Schematics Acquired 12 | . . . . . 3 1 . . . . 2 . . . . 2 . . 2 . 2 . Parts Damaged 1 | . . . . . . . . . . . . . . . . 1 . . . . . . Bothacking | -11 -10 -10 -10 -9 -8 -7 -7 -7 -7 -6 -5 -5 -5 -5 -5 -4 -4 -4 -3 -3 -2 -1 ------------ Run | Yrd Mat Min Exi Min Mat Fac Gar Fac Gar Fac Fac Ext Cet Arc Hub Fac Upp Upp Res Gar Res Acc Used RIF Installer 5 | . . . . . . . 2 . 2 . . . . . . . . . . 1 . . Threat Obfuscator 1 | . . . . . . . 1 . . . . . . . . . . . . . . . Alert ID Control 1 | . . . . . . . . . 1 . . . . . . . . . . . . . Structural Interface 1 | . . . . . . . . . 1 . . . . . . . . . . . . . Autooverride 1 | . . . . . . . . . . . . . . . . . . . . 1 . . Robots Hacked 18 | . . . . . . . . 1 . . 3 2 . . 2 2 1 2 2 3 . . Non-combat . | . . . . . . . . . . . . . . . . . . . . . . . Combat 18 | . . . . . . . . 1 . . 3 2 . . 2 2 1 2 2 3 . . Robot Hacks Applied 1 | . . . . . . . . 1 . . . . . . . . . . . . . . parse_system 1 | . . . . . . . . 1 . . . . . . . . . . . . . . Relay Couplers Released 2 | . . . . . . . . . 2 . . . . . . . . . . . . . Machine Destruction 2 | . . . . . . . . . 2 . . . . . . . . . . . . . Fabnet Peak Effective % 8 | . . . . . . . . . . . 6 6 6 6 6 8 8 8 8 8 2 . Autooverrided 17 | . . . . . . . . . . . 3 2 . . 2 2 1 2 2 3 . . Robots Rewired 9 | . . . . . . . . . 7 . . . . . . . 2 . . . . . Allies Hacked 1 | . . . . . . . . . . . . 1 . . . . . . . . . . Hacks Repelled . | . . . . . . . . . . . . . . . . . . . . . . . Allies | -11 -10 -10 -10 -9 -8 -7 -7 -7 -7 -6 -5 -5 -5 -5 -5 -4 -4 -4 -3 -3 -2 -1 -------- Run | Yrd Mat Min Exi Min Mat Fac Gar Fac Gar Fac Fac Ext Cet Arc Hub Fac Upp Upp Res Gar Res Acc Total Allies 44 | . . . . . . . 2 . 9 2 4 8 5 . 2 2 3 2 2 3 . . Largest Group 7 | . . . . . . . 2 2 7 7 1 6 5 5 4 1 2 2 2 1 . . Highest-Rated Group 480 | . . . . . . . 157 157 260 260 54 294 480 480 384 56 98 107 81 49 . . Highest-Rated Ally 159 | . . . . . . . 95 95 95 90 54 159 140 96 96 56 49 58 56 49 . . Total Orders 8 | . . . . . . . . . 2 . 6 . . . . . . . . . . . STAY 4 | . . . . . . . . . 1 . 3 . . . . . . . . . . . FOLLOW 4 | . . . . . . . . . 1 . 3 . . . . . . . . . . . Ally Attacks 249 | . . . . . . . 3 8 59 17 5 80 17 12 19 3 10 4 5 7 . . Total Damage 7013 | . . . . . . . 62 329 1659 334 34 2110 693 460 454 92 255 98 165 268 . . Kills 55 | . . . . . . . 1 4 14 3 . 17 4 4 4 1 2 1 . . . . Allies Corrupted 5 | . . . . . . . . . . . . . . . 5 . . . . . . . Allies Melted . | . . . . . . . . . . . . . . . . . . . . . . . Intel | -11 -10 -10 -10 -9 -8 -7 -7 -7 -7 -6 -5 -5 -5 -5 -5 -4 -4 -4 -3 -3 -2 -1 ------- Run | Yrd Mat Min Exi Min Mat Fac Gar Fac Gar Fac Fac Ext Cet Arc Hub Fac Upp Upp Res Gar Res Acc Robot Analysis Total 17 | . . . . . 4 . . . . 3 . 5 . . . 2 . . . 1 1 1 Derelict Logs Recovered 5 | . . 1 . 2 . . . . . . . . . . . . . 2 . . . . Drone Launches . | . . . . . . . . . . . . . . . . . . . . . . . Drone Recoveries . | . . . . . . . . . . . . . . . . . . . . . . . Exploration | -11 -10 -10 -10 -9 -8 -7 -7 -7 -7 -6 -5 -5 -5 -5 -5 -4 -4 -4 -3 -3 -2 -1 ------------- Run | Yrd Mat Min Exi Min Mat Fac Gar Fac Gar Fac Fac Ext Cet Arc Hub Fac Upp Upp Res Gar Res Acc Turns Passed 27102 | 88 199 1017 637 618 793 715 782 852 1152 3185 3567 1531 679 269 574 1828 1431 1680 375 837 1001 3292 Spaces Moved 16148 | 72 161 777 493 413 449 561 555 769 833 1906 2017 879 401 180 360 938 668 911 278 417 627 1483 Core 5 | 3 . . . . . 2 . . . . . . . . . . . . . . . . Treads . | . . . . . . . . . . . . . . . . . . . . . . . Legs 10336 | . . . . . . . . . . 1177 2017 879 401 180 360 938 668 911 278 417 627 1483 Wheels 5807 | 69 161 777 493 413 449 559 555 769 833 729 . . . . . . . . . . . . Hover . | . . . . . . . . . . . . . . . . . . . . . . . Flight . | . . . . . . . . . . . . . . . . . . . . . . . Fastest Speed 50 | 50 100 100 100 95 95 95 95 90 90 90 120 120 120 120 110 106 110 110 110 110 112 115 Average Speed 109 | 97 100 100 100 96 95 95 95 90 90 111 126 120 120 120 115 109 110 110 110 113 112 115 Slowest Speed 200 | 100 100 100 100 100 95 105 110 95 90 200 190 190 120 120 120 113 110 110 110 180 116 116 Overloaded Moves . | . . . . . . . . . . . . . . . . . . . . . . . Propulsion Burnouts . | . . . . . . . . . . . . . . . . . . . . . . . Robots Hopped . | . . . . . . . . . . . . . . . . . . . . . . . Cave-ins Triggered . | . . . . . . . . . . . . . . . . . . . . . . . Exploration Rate (%) 50 | 4 27 97 92 62 22 10 54 22 63 46 39 90 90 92 47 23 89 93 9 46 15 30 Regions Visited 22 Branch Regions 9 Pre-discovered Areas 4 | . . 1 1 2 . . . . . . . . . . . . . . . . . . Known Exits Taken 14 | . 1 . . . . 1 . 1 . 1 1 1 1 1 1 1 1 1 1 . 1 . Unknown Exits Taken 5 | 1 . 1 1 1 1 . . . . . . . . . . . . . . . . . Scrap Searched 8 | . . 1 . 3 . . . . . . . . . . . . 1 3 . . . . Spaces Dug 38 | . . . . . 29 . . . . . . . . . 2 4 1 . . . 2 . Terrain Destroyed 736 | . . . . . 29 . 82 . 48 25 19 33 7 4 361 37 11 29 . 3 3 45 Melee . | . . . . . . . . . . . . . . . . . . . . . . . Projectile 168 | . . . . . . . . . 3 2 19 2 7 4 16 24 11 29 . 3 3 45 AOE 568 | . . . . . 29 . 82 . 45 23 . 31 . . 345 13 . . . . . . Terrain Rammed . | . . . . . . . . . . . . . . . . . . . . . . . Walls Destroyed . | . . . . . . . . . . . . . . . . . . . . . . . Machines Disabled . | . . . . . . . . . . . . . . . . . . . . . . . Actions | -11 -10 -10 -10 -9 -8 -7 -7 -7 -7 -6 -5 -5 -5 -5 -5 -4 -4 -4 -3 -3 -2 -1 --------- Run | Yrd Mat Min Exi Min Mat Fac Gar Fac Gar Fac Fac Ext Cet Arc Hub Fac Upp Upp Res Gar Res Acc Total 24093 | 82 195 942 637 615 730 713 762 915 1156 2838 2813 1276 543 219 453 1619 1324 1549 348 697 905 2762 Wait 6277 | . 33 100 144 190 218 105 141 127 172 776 538 305 80 27 39 574 612 606 64 200 238 988 Move 16127 | 71 160 776 492 412 448 561 554 768 832 1905 2016 878 400 179 359 937 667 910 278 416 626 1482 Hop . | . . . . . . . . . . . . . . . . . . . . . . . Pick Up 63 | 3 . 4 1 . . 5 3 4 2 9 7 . 3 1 2 6 2 2 1 1 3 4 Fast Attach 54 | 6 . . . . . 6 1 2 . 9 4 2 1 . 1 8 1 . . 4 1 8 Attach 19 | . . 1 . 1 2 1 1 . 1 2 4 . 1 . 1 2 . . 1 . . 1 Detach 10 | . . . . . 2 2 . . . 1 2 . . . . . . . 1 1 . 1 Swap 149 | . . 3 . 3 6 6 6 3 7 22 14 12 6 . 4 13 5 1 1 8 11 18 Drop 101 | . . 4 . 2 . 7 3 4 4 17 13 5 3 1 2 6 3 3 2 5 5 12 Fire 768 | 2 2 42 . 7 47 14 24 6 46 73 127 44 30 7 35 54 15 20 . 37 9 127 Melee 1 | . . . . . . . . 1 . . . . . . . . . . . . . . Ram . | . . . . . . . . . . . . . . . . . . . . . . . Kick 8 | . . . . . . . . . . . 2 3 . 1 . . . . . . . 2 Crush . | . . . . . . . . . . . . . . . . . . . . . . . Escape Stasis 60 | . . . . . . . 16 . 13 . 5 15 . . . . . . . 6 5 . Rewire 42 | . . . . . . . . . 29 3 2 . . . . . 7 . . 1 . . Trap . | . . . . . . . . . . . . . . . . . . . . . . . Miscellaneous 414 | . . 12 . . 7 6 13 . 50 21 79 12 19 3 10 19 12 7 . 18 7 119 Route ------- -11/Scrapyard -10/Materials (discovered 2 exits: *Min x2) -10/Mines (discovered 3 exits: [*Mat x2] / *Exi) -10/Exiles (discovered 2 exits: [*Min x2]) -9/Mines (discovered 2 exits: *Mat x2) -8/Materials -7/Factory -7/Garrison -7/Factory (discovered 2 exits: *Fac / Gar) -7/Garrison (discovered 4 exits: *Fac x3 / *Fac) -6/Factory (discovered 4 exits: *Fac x4) -5/Factory (discovered 8 exits: *Fac x4 / *Upp x2 / *Ext x2) -5/Extension (discovered 3 exits: *Fac x2 / *Cet) -5/Cetus (discovered 3 exits: *Fac x2 / *Arc) -5/Archives (discovered 3 exits: *Fac / *Hub x2) -5/Hub_04(d) (discovered 4 exits: *Fac x4) -4/Factory (discovered 7 exits: Res x4 / *Upp x2 / Arm) -4/Upper Caves -4/Upper Caves (discovered 2 exits: *Res / *War) -3/Research (discovered 2 exits: *Res / Gar) -3/Garrison (discovered 3 exits: *Res x3) -2/Research (discovered 5 exits: *Acc x3 / Qua x2) -1/Access To Epsilon Eridani History --------- Turn | Location | Event 6 | -11/Scrapyard | Discovered new exit (range 14) 17 | -11/Scrapyard | Upgraded with Propulsion slot (x1) 17 | -11/Scrapyard | Upgraded with Weapon slot (x1) 89 | -11/Scrapyard | Entered Materials 222 | -10/Materials | Identified exit to Mines 288 | -10/Materials | Entered Mines 312 | -10/Mines | Build established: Hacker-Mutant 487 | -10/Mines | Found a damaged Exp. Sensor Array with a note attached 523 | -10/Mines | Discovered new exit (range 9) 620 | -10/Mines | Discovered new exit (range 7) 622 | -10/Mines | Learned location of Zion (-6) 815 | -10/Mines | Received a Rocket Launcher from a helpful Derelict 845 | -10/Mines | Deemed a non-threat by the Exiles lab entrance 845 | -10/Mines | Discovered new exit (range 5) 1111 | -10/Mines | Reached level 2 1178 | -10/Mines | Found Prototype Device 1242 | -10/Mines | Upgraded with Utility slot (x1) 1305 | -10/Mines | Entered Exiles 1340 | -10/Exiles | Discovered new exit (range 14) 1366 | -10/Exiles | Met 8R-AWN 1383 | -10/Exiles | Met EX-HEX 1432 | -10/Exiles | Met EX-DEC 1451 | -10/Exiles | Visited The Gauntlet 1759 | -10/Exiles | Met EX-BIN 1774 | -10/Exiles | Aligned with FarCom system 1775 | -10/Exiles | Given EX-Vault access code 1818 | -10/Exiles | Opened EX-Vault 1823 | -10/Exiles | Found 0b10 Alert Chip 1846 | -10/Exiles | Warned to stay clear of 0b10 Research branches 1860 | -10/Exiles | Exiles lab attacked by MAIN.C 1907 | -10/Exiles | Discovered new exit (range 14) 1942 | -10/Exiles | Left Exiles lab with 0b10 Alert Chip 1942 | -10/Exiles | Entered Mines 1943 | -9/Mines | Learned location of Storage (-9) 1945 | -9/Mines | Learned Materials stockpile data 1966 | -9/Mines | A weapon hastily lodged in a ceiling crevice suddenly fell to the ground 2234 | -9/Mines | Build established: Hacker-Skirmisher 2258 | -9/Mines | Discovered new exit (range 11) 2260 | -9/Mines | Discovered new exit (range 11) 2302 | -9/Mines | Reached level 3 2391 | -9/Mines | Upgraded with Utility slot (x1) 2446 | -9/Mines | Assembled infested the area 2451 | -9/Mines | Assisted by a Guerilla fighting off Assembled 2560 | -9/Mines | Entered Materials 2562 | -8/Materials | Reached level 4 2562 | -8/Materials | Reached level 5 2562 | -8/Materials | Reached level 6 2830 | -8/Materials | Core integrity fell below 50% 2957 | -8/Materials | Discovered new exit (range 15) 3099 | -8/Materials | Core integrity fell below 20% 3353 | -8/Materials | Entered Factory 3354 | -7/Factory | Core integrity fell below 50% 3354 | -7/Factory | Core integrity fell below 20% 3355 | -7/Factory | Reached level 7 3355 | -7/Factory | Reached level 8 3355 | -7/Factory | Reached level 9 3387 | -7/Factory | Upgraded with Utility slot (x1) 3444 | -7/Factory | Garrison activated, responded to threat 3748 | -7/Factory | Reached level 10 3804 | -7/Factory | Repaired Arm. Wheel 4068 | -7/Factory | Identified exit to Garrison 4068 | -7/Factory | Entered Garrison 4140 | -7/Garrison | Upgraded with Power slot (x1) 4140 | -7/Garrison | Upgraded with Propulsion slot (x1) 4154 | -7/Garrison | Triggered checkpoint 4258 | -7/Garrison | Triggered checkpoint 4591 | -7/Garrison | Discovered new exit (range 15) 4606 | -7/Garrison | Found embedded Infiltrators 4646 | -7/Garrison | Installed Relay Interface Framework 4646 | -7/Garrison | Reached level 11 4672 | -7/Garrison | Phase Generator disabled 4766 | -7/Garrison | Expanded RIF knowledge: Threat Obfuscation 4826 | -7/Garrison | Triggered checkpoint 4850 | -7/Garrison | Entered Factory 4850 | -7/Factory | Accompanied by 2 allies 4867 | -7/Factory | Upgraded with Utility slot (x1) 5256 | -7/Factory | Discovered new exit (range 15) 5289 | -7/Factory | Identified exit to Factory 5699 | -7/Factory | Identified exit to Garrison 5702 | -7/Factory | Entered Garrison 5786 | -7/Garrison | Triggered checkpoint 5798 | -7/Garrison | Garrison Relay disabled 5862 | -7/Garrison | Triggered checkpoint 5865 | -7/Garrison | Reached level 12 5986 | -7/Garrison | Discovered exit to Factory (range 10) 6149 | -7/Garrison | Triggered checkpoint 6189 | -7/Garrison | Discovered new exit (range 5) 6193 | -7/Garrison | Identified exit to Factory 6324 | -7/Garrison | Triggered checkpoint 6509 | -7/Garrison | Found embedded Infiltrators 6525 | -7/Garrison | Discovered exit to Factory (range 10) 6555 | -7/Garrison | Discovered exit to Factory (range 13) 6555 | -7/Garrison | Discovered exit to Factory (range 41) 6555 | -7/Garrison | Discovered exit to Factory (range 59) 6555 | -7/Garrison | Discovered exit to Factory (range 71) 6614 | -7/Garrison | Triggered checkpoint 6616 | -7/Garrison | Triggered checkpoint 6618 | -7/Garrison | Reached level 13 6691 | -7/Garrison | Expanded RIF knowledge: Structural Interface 6722 | -7/Garrison | Triggered checkpoint 6756 | -7/Garrison | Triggered checkpoint 6760 | -7/Garrison | Reached level 14 6795 | -7/Garrison | Expanded RIF knowledge: Alert ID Control 6854 | -7/Garrison | Entered Factory 6854 | -6/Factory | Accompanied by 7 allies 6856 | -6/Factory | Reached level 15 6927 | -6/Factory | Upgraded with Utility slot (x2) 7010 | -6/Factory | Lost 3 allies 7234 | -6/Factory | Identified exit to Factory 7296 | -6/Factory | Repaired Hardlight Generator 7308 | -6/Factory | Lost 3 allies 7975 | -6/Factory | P-60 Hacker assimilated allied Administrator 5a 8142 | -6/Factory | Cargo convoy interrupted 9057 | -6/Factory | Reached level 16 9629 | -6/Factory | Repaired Hrd. Medium Armor Plating 9690 | -6/Factory | Repaired Wave Gun 9751 | -6/Factory | Repaired KE Penetrator 9800 | -6/Factory | Repaired Mic. Nuclear Core 10039 | -6/Factory | Entered another Factory area 10041 | -5/Factory | Reached level 17 10304 | -5/Factory | Discovered new exit (range 20) 10408 | -5/Factory | Reached level 18 10619 | -5/Factory | Identified exit to Factory 10684 | -5/Factory | Core integrity fell below 50% 10726 | -5/Factory | Upgraded with Utility slot (x1) 10835 | -5/Factory | Core integrity fell below 20% 11058 | -5/Factory | Discovered new exit (range 20) 11466 | -5/Factory | Discovered new exit (range 20) 12259 | -5/Factory | Reached level 19 12838 | -5/Factory | Repaired Imp. Transmission Jammer 13329 | -5/Factory | Identified exit to Upper Caves 13329 | -5/Factory | Identified exit to Extension 13422 | -5/Factory | Fabricated Hrd. Medium Armor Plating? 13528 | -5/Factory | Build established: Wizard-Skirmisher 13606 | -5/Factory | Entered Extension 13608 | -5/Extension | Reached level 20 13708 | -5/Extension | Rescued a captive Derelict 13723 | -5/Extension | Rescued a captive Derelict 13753 | -5/Extension | Rescued a captive Derelict 13754 | -5/Extension | Rescued a captive Derelict 13795 | -5/Extension | Rescued A7 13832 | -5/Extension | Rescued a captive Derelict 13865 | -5/Extension | Energy Cycler disabled 13865 | -5/Extension | Rescued a captive Derelict 13866 | -5/Extension | Rescued a captive Derelict 13866 | -5/Extension | Rescued a captive Derelict 13866 | -5/Extension | Rescued a captive Derelict 13867 | -5/Extension | Rescued a captive Derelict 13868 | -5/Extension | Rescued a captive Derelict 13871 | -5/Extension | Rescued a captive Derelict 13874 | -5/Extension | Rescued a captive Derelict 13874 | -5/Extension | Rescued a captive Derelict 13878 | -5/Extension | Rescued a captive Derelict 14226 | -5/Extension | Spotted B-75 Beast 14252 | -5/Extension | Allies destroyed B-75 Beast 14261 | -5/Extension | Discovered exit to Factory (range 16) 14262 | -5/Extension | Spotted B-75 Beast 14306 | -5/Extension | Allies destroyed B-75 Beast 14741 | -5/Extension | Discovered exit to Factory (range 18) 14749 | -5/Extension | Discovered new exit (range 9) 14787 | -5/Extension | Identified exit to Cetus 14894 | -5/Extension | Reached level 21 15137 | -5/Extension | Entered Cetus 15137 | -5/Cetus | Accompanied by 1 ally (A7) 15142 | -5/Cetus | Acquired a Cetus Manufacturing Module code from A7 15156 | -5/Cetus | Spotted Cetus Guard 15156 | -5/Cetus | Spotted Cetus Guard 15158 | -5/Cetus | Spotted Cetus Guard 15158 | -5/Cetus | Spotted Cetus Guard 15181 | -5/Cetus | Destroyed Cetus Guard 15210 | -5/Cetus | Destroyed Cetus Guard 15230 | -5/Cetus | Destroyed Cetus Guard 15260 | -5/Cetus | Extracted ID and sensor layout for unrecognized location from A7's data core 15287 | -5/Cetus | Destroyed Cetus Guard 15356 | -5/Cetus | Started Cetus Manufacturing Module 15381 | -5/Cetus | Manufactured an Enhanced Grunt 15406 | -5/Cetus | Manufactured an Enhanced Grunt 15431 | -5/Cetus | Manufactured an Enhanced Grunt 15456 | -5/Cetus | Manufactured an Enhanced Grunt 15481 | -5/Cetus | Manufactured an Enhanced Grunt 15486 | -5/Cetus | Upgraded with Propulsion slot (x1) 15486 | -5/Cetus | Upgraded with Weapon slot (x1) 15534 | -5/Cetus | Discovered exit to Factory (range 18) 15676 | -5/Cetus | Discovered new exit (range 15) 15693 | -5/Cetus | Identified exit to Archives 15720 | -5/Cetus | Spotted Cetus Guard 15724 | -5/Cetus | Spotted Cetus Guard 15724 | -5/Cetus | Spotted Cetus Guard 15725 | -5/Cetus | Spotted Cetus Guard 15728 | -5/Cetus | Allies destroyed Cetus Guard 15733 | -5/Cetus | Allies destroyed Cetus Guard 15734 | -5/Cetus | Destroyed Cetus Guard 15736 | -5/Cetus | Allies destroyed Cetus Guard 15745 | -5/Cetus | Discovered exit to Factory (range 18) 15752 | -5/Cetus | Met Revision 17 15816 | -5/Cetus | Entered Archives 15816 | -5/Archives | Accompanied by 5 allies 15845 | -5/Archives | Discovered exit to Factory (range 20) 15884 | -5/Archives | Discovered new exit (range 16) 15902 | -5/Archives | Unable to access archive contents 15913 | -5/Archives | Discovered new exit (range 15) 15915 | -5/Archives | Unable to access archive contents 15928 | -5/Archives | Unable to access archive contents 16015 | -5/Archives | Unable to access archive contents 16039 | -5/Archives | Identified exit to Hub_04(d) 16085 | -5/Archives | Entered Hub_04(d) 16085 | -5/Hub_04(d) | Accompanied by 4 allies 16087 | -5/Hub_04(d) | Reached level 22 16109 | -5/Hub_04(d) | Discovered exit to Factory (range 19) 16325 | -5/Hub_04(d) | Network Hub disabled 16337 | -5/Hub_04(d) | Network Hub disabled 16365 | -5/Hub_04(d) | Local machine network offline 16370 | -5/Hub_04(d) | Lost 3 allies 16395 | -5/Hub_04(d) | Spotted Lightning 16401 | -5/Hub_04(d) | Destroyed Lightning 16659 | -5/Hub_04(d) | Entered Factory 16661 | -4/Factory | Reached level 23 16799 | -4/Factory | Repaired Centrium Medium Armor Plating 16855 | -4/Factory | Repaired Imp. Hardlight Generator 16967 | -4/Factory | Repaired Centrium Medium Armor Plating 17113 | -4/Factory | Identified exit to Research 17133 | -4/Factory | Identified exit to Upper Caves 17133 | -4/Factory | Identified exit to Armory 17772 | -4/Factory | Repaired Broken Imp. Plasma Cutter 17801 | -4/Factory | Repaired Phase Shifter 17839 | -4/Factory | Repaired Quantum Reactor 17850 | -4/Factory | Reached level 24 17925 | -4/Factory | Repaired Enh. Biometal Leg 17952 | -4/Factory | Repaired Arm. Leg 17953 | -4/Factory | Upgraded with Utility slot (x1) 18487 | -4/Factory | Entered Upper Caves 18772 | -4/Upper Caves | Build established: Wizard-Tank 18827 | -4/Upper Caves | Encountered a Warlord checkpoint 19052 | -4/Upper Caves | Attracted the attention of an 0b10 outpost 19640 | -4/Upper Caves | Discovered new exit (range 20) 19877 | -4/Upper Caves | Found Alien Artifact 19879 | -4/Upper Caves | Identified Dimensional Node Initializer 19879 | -4/Upper Caves | Initialized slip node 19905 | -4/Upper Caves | Spotted B-86 Titan 19912 | -4/Upper Caves | Identified exit to Upper Caves 19918 | -4/Upper Caves | Entered another Upper Caves area 19918 | -4/Upper Caves | Accompanied by 1 ally 20112 | -4/Upper Caves | Discovered exit to Research (range 13) 21020 | -4/Upper Caves | Learned Research emergency access door positions 21204 | -4/Upper Caves | Reached level 25 21222 | -4/Upper Caves | Ambushed by wild Derelicts 21307 | -4/Upper Caves | Discovered new exit (range 12) 21322 | -4/Upper Caves | Identified exit to Warlord 21598 | -4/Upper Caves | Entered Research 21600 | -3/Research | Reached level 26 21798 | -3/Research | Revision forces began assault on 0b10 21867 | -3/Research | Met up with Revision 17++ 21909 | -3/Research | Build established: Wizard-Skirmisher 21946 | -3/Research | Discovered new exit (range 15) 21973 | -3/Research | Identified exit to Garrison 21973 | -3/Research | Entered Garrison 21975 | -3/Garrison | Reached level 27 21991 | -3/Garrison | Discovered new exit (range 74) 21991 | -3/Garrison | Discovered new exit (range 48) 21991 | -3/Garrison | Discovered new exit (range 70) 21991 | -3/Garrison | Learned Research security intel 22075 | -3/Garrison | Triggered checkpoint 22075 | -3/Garrison | Triggered checkpoint 22178 | -3/Garrison | Destroyed 10 combat bots 22223 | -3/Garrison | Expanded RIF knowledge: Autooverride 22269 | -3/Garrison | Triggered checkpoint 22581 | -3/Garrison | Triggered checkpoint 22647 | -3/Garrison | Triggered checkpoint 22668 | -3/Garrison | Upgraded with Power slot (x1) 22670 | -3/Garrison | Upgraded with Propulsion slot (x1) 22809 | -3/Garrison | Identified exit to Research 22810 | -3/Garrison | Entered Research 22812 | -2/Research | Reached level 28 23256 | -2/Research | Reached level 29 23298 | -2/Research | Identified exit to Quarantine 23544 | -2/Research | Spotted B-90 Cyclops 23658 | -2/Research | Identified exit to Access 23724 | -2/Research | Central database locked down 23811 | -2/Research | Entered Access 23813 | -1/Access | Reached level 30 24377 | -1/Access | Reached level 31 24419 | -1/Access | Destroyed 7 combat bots 24460 | -1/Access | Upgraded with Utility slot (x1) 24888 | -1/Access | Reached level 32 25943 | -1/Access | Fabricated System Restoration Module? 26071 | -1/Access | Reached level 33 26354 | -1/Access | Identified exit to Surface 27103 | *** | Escaped! Last Messages --------------- Found 44 active squads: 15x Security 5x Surveillance 10x Patrol 12x Transport 1x Reinforcement 1x Coupling >>Index(Terminals) Found 19 terminals. Downloaded coordinate data. 27019_ K-01 Serf collects debris. 27043_ Sml. Battery melted. 27043_ P-80 Master destroyed. 27060_ Used Protomatter to restore core integrity (+58) 27061_ ALERT: Rogue bot located, Programmers report to Access Zone 8D. 27065_ Used Protomatter to restore part integrity (+110, depleted) 27094_ Connecting with Terminal... >>Open(Door) Sealed Barrier opened. 27098_ The Access Shell folds into the floor. Map ----- +----------------------------------------------------+ | ????????????????????????? ###+########## * | | ????????????????????????? # ## ! | | ?????????????????????????? # ## | | ???????????????????????? # ## | | ????????????????????????? # #########+# | | ????????????????????????? # ######## | | ???????????????????????? # ! [ + # | | ????????????????????? ??? # #####+## # | | ????????????????????????? # ## # # | | ????????????????????#?#? ############## # # | | ???????????????????? ? ########### # # | | ?????????????????#?#? ? ########### # # | | ????????????????###? ?? ########### # # | | ????????????#??????# ?? ########### # # | | ??????????????#??#?? BB? BB ########### # # | | ????????????#?##???? BB ? BB ################# + | | ?????????#??#?#?#?## ?? ################# # | | ??????????#??#?#??##""??""""""################# # | | ????????#?#?###?##?#""??""""""################# # | | ????????#?#??###?###"""?"?""""################# # | | ???????#??##??######""""""""""#################A # | | ???????###???####?## ################# # | | ?????????###???#?#?# ### ## # | | ???????#???######### ### ## # | | ?????###????###?#?## "" ### ## %# | | ??????##??######??## "@ ### ## # | | ?????#?#??########## ### # | | ?????#????#???#?#### ### / "" | | ?????##???#?##??#### ### " # T" | | ??????#???##?#?##### ### """" # | | ?????##??####?##### ## """"" "# # | | ?????#????##??######"" ### """"" #" =# | | ??##?#?####?##??####"" ### """" ""!=# | | ?????#??##??????####"" ### " "" %" | | ???? ??#?##?#?######T ###############""!]" | | ??? ??##?###?##?##?#"" ################# # | | ?? ???##?###?#######"" ################# # | | ??????# ?###?###?#"" ################! | | ??????? ? ? | == | | ??????? ???? ? *[! | | ????? #? ###############################+### | | ??????## ??#?###?################### ##### | | ????????? #???###################### ##### | | ???????? ###?#?#?################## " + | | ???????? ??######################## """ ##### | | ????????? #####?### ############## """ ##### | | ???????? ? ?? + " ##### | | ????????????##?#?##?? ?##?########## ##### | | ??????????#??#??####+############### ##### | | ???????????? # ? #?####################### | +----------------------------------------------------+ Best States ------------- Heat Dissipation 123 Energy Generation 80 Energy Capacity 900 Matter Stores 400 Matter Capacity 400 Sight Range 16 Robot Scan Range 16 Terrain Scan Range 20 Terrain Scan Density 510 Jamming Range 14 Base Temperature (-) 200 EM Shielding 2 Corruption Block 15 Armor Coverage 450 Resistance: KI 40 Resistance: TH 40 Resistance: EX 40 Resistance: EM 20 Resistance: I 20 Resistance: S 20 Resistance: P 20 Phase Shifting 15 Evasion (%) 82 Energy Filtering 30 Offensive Hacking 45 Defensive Hacking 25 Item Schematics ----------------- Imp. Terrain Scanner | -8/Materials | Scanalyzed Rocket Launcher | -8/Materials | Scanalyzed Arm. Wheel | -8/Materials | Scanalyzed Imp. Medium Armor Plating | -7/Factory | Scanalyzed Hrd. Medium Armor Plating | -5/Factory | Scanalyzed System Restoration Module | -5/Factory | Scanalyzed Arm. Leg | -5/Factory | Hacked Antigrav System | -5/Extension | Hacked Imp. Plasma Cutter | -4/Factory | Scanalyzed Phase Shifter | -4/Factory | Scanalyzed Linear Accelerator | -4/Factory | Hacked Adv. Variable Charge Gun | -3/Research | Scanalyzed Centrium Medium Armor Plating | -3/Research | Scanalyzed Centrium Leg | -2/Research | Hacked Imp. Recalibrator | -2/Research | Hacked Adv. KE Penetrator | -2/Research | Scanalyzed Adv. Cooling System | -2/Research | Scanalyzed Robot Schematics ------------------ None Fabricated ------------ Hrd. Medium Armor Plating | x2 | -5/Factory System Restoration Module | x2 | -1/Access Alien Tech Used ----------------- Dimensional Node Initializer Achievements -------------- None Challenges ------------ None RPGLIKE | -11 -10 -10 -10 -9 -8 -7 -7 -7 -7 -6 -5 -5 -5 -5 -5 -4 -4 -4 -3 -3 -2 -1 --------- Run | Yrd Mat Min Exi Min Mat Fac Gar Fac Gar Fac Fac Ext Cet Arc Hub Fac Upp Upp Res Gar Res Acc Levels Raised 32 | . . 1 . 1 3 4 1 . 3 2 3 2 . . 1 2 . 1 1 1 2 4 XP Earned 52580 | 4000 . 1700 350 1333 5592 4662 2077 432 3597 3845 4195 2310 799 502 1027 2569 548 480 2760 1118 2190 6494 XP Spent 51965 | 3990 . 1500 . 1335 . 8965 1300 1800 . 7100 4700 1200 1900 . 1600 2600 . 1750 . 2200 3940 6085 Upgrades 90 | 16 . 2 . 4 . 28 2 3 . 5 3 1 2 . 4 1 . 1 . 2 8 8 Power Slot 2 | . . . . . . . 1 . . . . . . . . . . . . 1 . . Propulsion Slot 4 | 1 . . . . . . 1 . . . . . 1 . . . . . . 1 . . Utility Slot 9 | . . 1 . 1 . 1 . 1 . 2 1 . . . . 1 . . . . . 1 Weapon Slot 2 | 1 . . . . . . . . . . . . 1 . . . . . . . . . Core Integrity 8 | . . . . . . 8 . . . . . . . . . . . . . . . . Heat Dissipation 8 | . . . . . . 3 . . . . . . . . . . . . . . 3 2 Energy Generation 3 | 1 . . . . . 1 . . . . . . . . . . . . . . 1 . Energy Storage 1 | . . . . . . . . 1 . . . . . . . . . . . . . . Matter Storage 2 | . . . . . . . . 1 . . . . . . . . . . . . . 1 Mass Support 2 | . . . . . . 2 . . . . . . . . . . . . . . . . Inventory Capacity 7 | 3 . 1 . . . 1 . . . 1 . . . . . . . 1 . . . . Sensor Range 8 | 4 . . . 2 . 2 . . . . . . . . . . . . . . . . Terrain Scan Density 5 | 4 . . . 1 . . . . . . . . . . . . . . . . . . Ranged Accuracy 5 | . . . . . . 3 . . . . . . . . 1 . . . . . . 1 Hack Attack % 7 | 1 . . . . . 2 . . . 1 1 1 . . . . . . . . 1 . Hack Defense % 5 | 1 . . . . . 2 . . . 1 1 . . . . . . . . . . . KI Resistance % 4 | . . . . . . 1 . . . . . . . . 1 . . . . . 1 1 TH Resistance % 4 | . . . . . . 1 . . . . . . . . 1 . . . . . 1 1 EX Resistance % 4 | . . . . . . 1 . . . . . . . . 1 . . . . . 1 1 Protomatter Created 5408 | . . 101 . . 93 46 95 . 193 406 664 220 197 . 156 592 265 325 . 530 . 1525 Integrity Restored 8521 | . . 219 . . 156 138 285 . 1078 397 1781 276 413 50 219 398 104 124 . 389 163 2331 Core 7479 | . . 219 . . 156 138 285 . 1078 397 1781 276 413 50 219 398 104 124 . 389 163 1289 Parts 1042 | . . . . . . . . . . . . . . . . . . . . . . 1042 Protomatter Decayed 3789 | . . 28 14 4 41 . 46 . 38 381 89 646 2 . 36 514 285 318 634 302 . 411 Game ------ Seed DirtyFlyingShield Manual? 0 Play Time 08:06:31 Cumulative 154.2 hours Start 2025.03.30 @ 01:36:47 End 2025.03.31 @ 09:07:25 Sessions 3 Manual Loads 0 Difficulty Adventurer Special Mode Winter2019/RPGLIKE Game No. 26 Rogue 0 Adventurer 26 Explorer 0 Win Type 0 Total 4 Types 3/0/0/1/0/0/0/0/0 Lore% 45 Gallery% 47 Achievement% 41 Wizard Run 0 Options --------- Layout 0 ASCII 0 Keyboard 0 Movement Numpad Keybinds 0 Fullscreen 1 Font 18/SmallcapsGlow Map View 76x50 Zoom Use 0% Tactical HUD 1 Map Filters NONE Filters NONE Steam 1 RUN: f5e5a946-ca3b-4816-9e84-e0e8c14e220b